 Dungeon Crawl Stone Soup version 0.29-a0-817-g9904bce7a6 (webtiles) character file.

Game seed: 3152649202704739782

1855 inmateoo the Chiller (level 8, -3/56 (60) HPs)
             Began as a Demonspawn Ice Elementalist on July 5, 2022.
             Slain by a wight
             ... wielding a +4 mace
              (6 damage)
             ... on level 6 of the Dungeon.
             The game lasted 00:11:35 (7177 turns).

inmateoo the Chiller (Demonspawn Ice Elementalist)  Turns: 7177, Time: 00:11:35

HP:   -3/56 (60)    AC: 11    Str: 15    XL:     8   Next: 89%
MP:   9/14          EV: 12    Int: 19    God:
Gold: 327           SH:  0    Dex: 13    Spells: 9/16 levels left

rFire   . . .      SeeInvis .     - Unarmed
rCold   + . .      Faith    .   (no shield)
rNeg    . . .      Spirit   .   a - +0 robe
rPois   .          Reflect  .   i - +0 hat {Stlth+}
rElec   .          Harm     .   o - +0 cloak
rCorr   .          Rampage  .   (no gloves)
Will    .....                   h - +0 pair of boots
Stlth   +++.......              (no amulet)
HPRegen 0.18/turn               u - ring of protection from cold
MPRegen 0.14/turn               m - +6 ring of strength

@: ice-armoured, freezing walls, drained
A: antennae 2, weakness stinger 1, demonic touch 2
a: no special abilities


You were on level 6 of the Dungeon.
You visited 2 branches of the dungeon, and saw 8 of its levels.

You collected 327 gold pieces.

Inventory:

Armour
 a - a +0 robe (worn)
 h - a +0 pair of boots (worn)
 i - a +0 hat of stealth (worn)
 o - a +0 cloak (worn)
Jewellery
 l - a ring of ice
 m - a +6 ring of strength (right hand)
 u - a ring of protection from cold (left hand)
 v - a ring of flight
Wands
 n - a wand of light (5)
 p - a wand of roots (17)
 w - a wand of mindburst (40)
Scrolls
 g - a scroll of vulnerability
 t - 2 scrolls of teleportation
 y - 2 scrolls of magic mapping
Potions
 b - 3 potions of magic
 c - a potion of attraction
 d - a potion of haste
 e - 2 potions of cancellation
 f - a potion of invisibility
 j - 3 potions of curing
 k - 2 potions of ambrosia
 q - 2 potions of flight
 r - a potion of brilliance
 s - a potion of heal wounds
 x - a potion of might {unknown}


   Skills:
 + Level 4.0 Fighting
 + Level 3.0 Dodging
 - Level 3.0 Stealth
 * Level 5.5 Unarmed Combat
 + Level 4.5 Spellcasting
 * Level 6.9 Ice Magic


You had 9 spell levels left.
You knew the following spells:

 Your Spells              Type           Power      Damage    Failure   Level
a - Freeze                Ice            100%       1d11      1%          1
b - Frozen Ramparts       Ice            60%        1d8       2%          3
c - Ozocubu's Armour      Ice            30%        N/A       2%          3

Your spell library contained the following spells:

 Spells                   Type           Power      Damage    Failure   Level
 Apportation              Tloc           8%         N/A       13%         1
 Scorch                   Fire           8%         2d5       21%         2
 Hailstorm                Conj/Ice       17%        3d6       30%         4
 Flame Wave               Conj/Fire      4%         2d5       78%         4
 Alistair's Intoxication  Tmut/Pois      2%         N/A       98%         5
 Summon Cactus Giant      Summ           2%         N/A       100%        6


Dungeon Overview and Level Annotations

Branches:
Dungeon (7/15)             Temple (1/1) D:6

Altars:
Ashenzari
Dithmenos
Fedhas
Gozag
Hepliaklqana
Kikubaaqudgha
Makhleb
Nemelex Xobeh
Okawaru
Qazlal
Ru
Sif Muna
Trog
Uskayaw
Wu Jian
Xom
Yredelemnul


Innate Abilities, Weirdness & Mutations

You have a pair of antennae on your head.
You have a small tail.
Your touch may inflict irresistible damage on your foes.


Message History

The wight completely resists.
The wall freezes the wight but does no damage.
The wight hits you but does no damage.
The wight resists.
The wall freezes the wight.
The wight hits you with a +0 flail.
You hit the wight but do no damage.
Your tail-slap misses the wight.
Your touch misses the wight.
The wight is lightly damaged.
The wight completely resists.
The wall freezes the wight but does no damage.
The wight barely misses you.
The wight resists.
The wall freezes the wight.
The wight closely misses you.
You barely miss the wight.
The wight is moderately damaged.
The wight resists.
The wall freezes the wight.
The wight hits you with a +4 mace!
* * * LOW HITPOINT WARNING * * *
The wight completely resists.
The wall freezes the wight but does no damage.
The wight hits you but does no damage.
You closely miss the wight.
The wight is moderately damaged.
The wight resists.
The wall freezes the wight.
The wight hits you with a +4 mace.
* * * LOW HITPOINT WARNING * * *
The wight resists.
The wall freezes the wight.
The wight closely misses you.
You hit the wight but do no damage.
You touch the wight.
Your punch misses the wight.
The wight is severely damaged.
The wight completely resists.
The wall freezes the wight but does no damage.
The wight hits you with a +4 mace!
* * * LOW HITPOINT WARNING * * *
You feel drained.
The wight completely resists.
The wall freezes the wight but does no damage.
The wight barely misses you.
You barely miss the wight.
You touch the wight.
The wight is heavily damaged.
The wight resists.
The wall freezes the wight.
The wight hits you with a +4 mace.
You die...

.# #.....#.########.##.### .#
#.....#.# ##'##.# .#######
#.....#.# ##.....# .......#
##...##.# ##.....## .#.###.#
#..##..# ##.......##
#...##.#####..<...####.........##
.....................'.........'.
#...#.#######.#z.z####.........##
##.##.# #.##@## ##.......###
####.# #.#### ##.....## # #.#
#.### ##...## # #.# #.>.# ##'## #
#.# ###.# #.# # #.# ####.## #.# #
#.# #.....# #####.### # #.#
#.##..# #.......# # #####.#
#.##..# #.#.....# #


You could see 2 wights.

Vanquished Creatures
  Grinder (D:5)
  A water moccasin (D:5)
  3 ice beasts (D:6)
  An ogre (D:5)
  2 black bears
  A centaur (D:6)
  2 phantoms (D:6)
  3 scorpions
  A howler monkey (D:5)
  4 hounds
  2 orc priests (D:5)
  2 jellies (D:5)
  Terence (D:3)
  An iguana (D:5)
  2 orc wizards
  3 gnolls (D:5)
  9 adders
  A shadow imp (D:6)
  An ufetubus (D:4)
  A worm (D:4)
  2 dart slugs
  13 orcs
  3 bats
  8 endoplasms
  2 giant cockroaches (D:1)
  9 goblins
  3 hobgoblins
  13 jackals
  4 quokkas
  8 ball pythons
  A frilled lizard (D:2)
  6 kobolds
  3 rats
117 creatures vanquished.

Notes
Turn   | Place    | Note
-------+----------+-------------------------------------------
     0 | D:1      | inmateoo the Demonspawn Ice Elementalist began the quest
                  | for the Orb.
     0 | D:1      | Reached XP level 1. HP: 13/13 MP: 3/3
   361 | D:1      | Discovered your monstrous ancestry.
   361 | D:1      | Gained mutation: You have a pair of small antennae on your
                  | head. [demonic ancestry]
   361 | D:1      | Reached XP level 2. HP: 19/19 MP: 3/5
  1401 | D:2      | Reached XP level 3. HP: 25/25 MP: 2/6
  1439 | D:1      | Learned a level 3 spell: Frozen Ramparts
  1641 | D:2      | Found a faded altar of an unknown god.
  1852 | D:2      | You fall into a shaft and drop 2 floors!
  1867 | D:4      | Reached skill level 4 in Ice Magic
  2250 | D:2      | Reached skill level 1 in Unarmed Combat
  2586 | D:3      | Noticed Terence
  2591 | D:3      | Killed Terence
  2592 | D:3      | Reached skill level 1 in Fighting
  2592 | D:3      | Gained mutation: You have a small tail. [demonic ancestry]
  2592 | D:3      | Reached XP level 4. HP: 32/32 MP: 4/7
  3004 | D:3      | Found a faded altar of an unknown god.
  3008 | D:3      | Found a basalt altar of Yredelemnul.
  3338 | D:3      | Noticed a scorpion
  3344 | D:3      | Killed a scorpion
  3345 | D:3      | Gained mutation: Your touch may inflict minor irresistible
                  | damage on your foes. [demonic ancestry]
  3345 | D:3      | Reached XP level 5. HP: 33/37 MP: 2/8
  3476 | D:3      | Found an iron altar of Okawaru.
  3510 | D:3      | Learned a level 3 spell: Ozocubu's Armour
  3848 | D:4      | Noticed a black bear
  3862 | D:4      | Killed a black bear
  3863 | D:4      | Reached XP level 6. HP: 43/44 MP: 1/10
  4628 | D:5      | Entered Level 5 of the Dungeon
  4696 | D:5      | Reached skill level 5 in Ice Magic
  4769 | D:5      | Gained mutation: Your touch may inflict irresistible damage
                  | on your foes. [demonic ancestry]
  4769 | D:5      | Reached XP level 7. HP: 47/50 MP: 7/11
  4957 | D:5      | Noticed Grinder
  4959 | D:5      | Paralysed by Grinder for 5 turns
  4974 | D:5      | Killed Grinder
  5437 | D:5      | Gained mutation: You have a pair of antennae on your head.
                  | [demonic ancestry]
  5437 | D:5      | Reached XP level 8. HP: 34/58 MP: 6/13
  5891 | D:6      | Found a shadowy altar of Dithmenos.
  5904 | D:6      | Reached skill level 6 in Ice Magic
  6044 | D:6      | Reached skill level 5 in Unarmed Combat
  6405 | D:6      | Found a broken altar of Ashenzari.
  6844 | D:6      | Found a staircase to the Ecumenical Temple.
  6853 | Temple   | Entered the Ecumenical Temple
  7162 | D:7      | Found a blossoming altar of Fedhas.
  7176 | D:6      | HP: 2/58 [wight/+4 mace (12)]
  7177 | D:6      | Slain by a wight

Illustrated notes

Levels and vault maps discovered:
D:1:      minmay_arrival_cross, layout_basic, st_stairs_1
D:2:      layout_basic, shapermc_ecumenical_altar_flowoftime,
          serial_corexii_hall, chequers_hall_statues_corner_a,
          corexii_hall_statues_deadend, corexii_hall_statues_i,
          minmay_misc_feat_columns, chequers_serial_rivers_small_b
D:3:      layout_loops_corners, nicolae_overflow_ecumenical_swirl,
          kennysheep_okawaru_gauntlet, hangedman_decor_points, uniq_terence
D:4:      layout_gridville, fountainhead
D:5:      layout_cave_pools, uniq_grinder
D:6:      minmay_spotlight, layout_loops_corners,
          nicolae_dithmenos_shadow_blocks, ashenzari_altar_1, temple_fountains
D:7:      layout_cave_pools, fedhas_bush_and_centaur_altar, serial_shops,
          nicolae_shop_statue_plus
Temple:   compressed_dpeg_circular_temple

Skill      XL: |  1  2  3  4  5  6  7  8 |
---------------+-------------------------+-----
Stealth        | 2 3 |  3.0
Dodging        | 2 3 |  3.0
Ice Magic      | 4 5 6 |  6.9
Unarmed Combat | 1 2 4 5 |  5.5
Fighting       | 1 2 3 4 |  4.0
Spellcasting   | 3 4 |  4.5

Action                   |  1- 3 |  4- 6 |  7- 9 || total
-------------------------+-------+-------+-------++-------
Melee: Dagger            |    25 |     6 |       ||    31
       Tailslap          |       |    10 |    14 ||    24
       Unarmed           |       |    41 |   104 ||   145
       Touch             |       |    11 |    20 ||    31
       Punch             |       |     1 |     5 ||     6
 Cast: Freeze            |    56 |    27 |     1 ||    84
       Frozen Ramparts   |       |    12 |    13 ||    25
       Ozocubu's Armour  |       |     2 |     5 ||     7
Evoke: Wand              |     1 |       |     2 ||     3
  Use: Scroll            |     2 |     8 |     5 ||    15
 Stab: Sleeping          |     2 |     2 |     3 ||     7
Armor: Robe              |    10 |    33 |    41 ||    84
Dodge: Dodged            |    40 |    63 |    64 ||   167

Table legend: (Time is in decaauts)
 A = Elapsed time spent in this place.
 B = Non-inter-level travel time spent in this place.
 C = Inter-level travel time spent in this place.
 D = Time resting spent in this place.
 E = Time spent auto-exploring this place.
 F = Levels seen in this place.
 G = Mean time per level.
                   A        B        C        D        E       F      G
               +--------+--------+--------+--------+--------+-----+--------+
         Total |   7163 |   7013 |    150 |   2301 |   3371 |   8 |  895.4 |
       Dungeon |   7079 |   6943 |    136 |   2301 |   3315 |   7 | 1011.3 |
        Temple |     84 |     70 |     14 |      0 |     56 |   1 |   84.0 |
               +--------+--------+--------+--------+--------+-----+--------+

Top non-repeatable levels by time:
     D:1: 1421 daAuts
     D:6: 1242 daAuts
     D:5: 1205 daAuts
     D:3: 1132 daAuts
     D:4: 1118 daAuts
     D:2: 953 daAuts
  Temple: 84 daAuts
     D:7: 5 daAuts
